 Dungeon Crawl Stone Soup version 0.29-a0-72-g1732ff48e7 (webtiles) character file.

Game seed: 2958527196118297190

6 HallandMoats the Skirmisher (level 1, -2/11 HPs)
             Began as a Vine Stalker Fighter on Feb 3, 2022.
             Killed from afar by a dart slug (3 damage)
             ... with a slug dart
             ... on level 3 of the Dungeon.
             The game lasted 00:00:41 (305 turns).

HallandMoats the Skirmisher (Vine Stalker Fighter)   Turns: 305, Time: 00:00:42

Health: -2/11      AC:  6    Str: 18    XL:     1   Next: 90%
Magic:  0/2        EV:  9    Int:  8    God:
Gold:   13         SH:  4    Dex: 13    Spells: 0/0 levels left

rFire   . . .      SeeInvis .   a - +0 trident
rCold   . . .      Faith    .   c - +0 buckler
rNeg    . . .      Spirit   +   b - +0 scale mail
rPois   .          Reflect  .   (no helmet)
rElec   .          Harm     .   (no cloak)
rCorr   .          Rampage  .   (no gloves)
Will    .....                   (no boots)
Stlth   ..........              (no amulet)
HPRegen 0.03/turn               (no ring)
MPRegen 0.08/turn               (no ring)

@: no status effects
A: fangs 2, magic shield, antimagic bite, no potion heal 2
a: no special abilities


You were on level 3 of the Dungeon.
You visited 1 branch of the dungeon, and saw 3 of its levels.

You collected 13 gold pieces.

Inventory:

Hand Weapons
 a - a +0 trident (weapon)
Armour
 b - a +0 scale mail (worn)
 c - a +0 buckler (worn)
Scrolls
 e - a scroll of identify {unknown}
 g - a scroll of blinking {unknown}
Potions
 d - a potion of might
 f - a potion of degeneration {unknown}


   Skills:
 * Level 2.8 Fighting
 * Level 1.9 Polearms
 + Level 2.4 Armour
 + Level 0.1 Dodging
 + Level 2.7 Shields
 * Level 0.4 Invocations


You couldn't memorise any spells.
You didn't know any spells.
Your spell library was empty.

Dungeon Overview and Level Annotations

Branches:
Dungeon (3/15)

Altars:

Annotations:
D:2 Terence


Innate Abilities, Weirdness & Mutations

You have extremely sharp teeth.
When hurt, damage is shared between your health and your magic reserves.
Your bite disrupts and absorbs the magic of your enemies.
Potions cannot restore your health.


Message History

Terence shouts, "ATTACK!!!"
Terence hits you with a +0 hand axe.
* * * LOW HITPOINT WARNING * * *
You are too injured to fight recklessly!
You are too injured to fight recklessly!
You are too injured to fight recklessly!
You block Terence's attack.
You see here a +0 short sword.
Found a scroll labelled AVYVYOS XOONI.
Found a stone staircase leading down.
A quokka comes into view.
Terence shouts, "ATTACK!!!"
Found a cyan potion.
The quokka bites you but does no damage.
Terence screams, "I want your blood!" You block the quokka's attack.
The quokka closely misses you.
A dart slug comes into view.
You see here a cyan potion.
The quokka barely misses you. You block the quokka's attack.
The dart slug briefly extends its eye-stalks.
The dart slug launches a dart at you. The slug dart misses you.
The quokka bites you.
* * * LOW HITPOINT WARNING * * *
There is a stone staircase leading down here.
The quokka bites you.
* * * LOW HITPOINT WARNING * * *
You climb downwards.
The ball python hisses angrily.
Found a cloak.
There is a stone staircase leading up here.
Found a scroll labelled GURIOBROTTURO.
Found 12 gold pieces.
Found a stone staircase leading down.
The quokka bites you but does no damage.
The frilled lizard barely misses you. The dart slug launches a dart at you.
The slug dart hits you.
You die...

########
##......##
##..<.....##
#..........#
#.......S..#
?........wlr.#
............@.#
..#...........#
# #####......##
#......[
#.$>.....
#........
#........
#.........


You could see a dart slug, a quokka, a ball python and a frilled lizard.

Vanquished Creatures
  2 ball pythons
  A giant cockroach (D:1)
  A goblin (D:2)
  A quokka (D:1)
5 creatures vanquished.

Notes
Turn   | Place    | Note
-------+----------+-------------------------------------------
     0 | D:1      | HallandMoats the Vine Stalker Fighter began the quest for
                  | the Orb.
     0 | D:1      | Reached XP level 1. HP: 11/11 MP: 2/2
   204 | D:1      | You fall into a shaft and drop 1 floor!
   241 | D:2      | Noticed Terence
   305 | D:3      | Killed from afar by a dart slug

Illustrated notes

Levels and vault maps discovered:
D:1:      ncdulo_watergridlock, layout_rooms,
          shapermc_ecumenical_altar_flowoftime, serial_shops, shop, shop,
          minivault_27
D:2:      layout_rooms, uniq_terence, uniq_sigmund
D:3:      layout_rooms, nemelex_xobeh_ov_fountains_minmay,
          gammafunk_ghost_necromancy, nicolae_concentric_dashed_squares_mild,
          uniq_natasha

Action                   || total
-------------------------++-------
Melee: Trident           ||    32
       Bite              ||     4
Armor: Scale mail        ||    14
Dodge: Dodged            ||    24
Block: Buckler           ||     8

Table legend: (Time is in decaauts)
 A = Elapsed time spent in this place.
 B = Non-inter-level travel time spent in this place.
 C = Inter-level travel time spent in this place.
 D = Time resting spent in this place.
 E = Time spent auto-exploring this place.
 F = Levels seen in this place.
 G = Mean time per level.
                   A        B        C        D        E       F      G
               +--------+--------+--------+--------+--------+-----+--------+
         Total |    313 |    313 |      0 |      0 |    199 |   3 |  104.3 |
       Dungeon |    313 |    313 |      0 |      0 |    199 |   3 |  104.3 |
               +--------+--------+--------+--------+--------+-----+--------+

Top non-repeatable levels by time:
     D:1: 210 daAuts
     D:2: 97 daAuts
     D:3: 5 daAuts
